 Dungeon Crawl Stone Soup version 0.25-a0-177-gd145f35b4e (webtiles) character file.

Game seed: 3062726436471933733, levelgen mode: deterministic

4322 Jindul the Covert (level 10, -21/76 HPs)
             Began as a Demonspawn Assassin on Nov 26, 2019.
             Demolished by an orc warrior
             ... wielding a +0 war axe
              (26 damage)
             ... while paralysed by an orc sorcerer
             ... in a bailey.
             The game lasted 00:46:06 (7715 turns).

Jindul the Covert (Demonspawn Assassin)             Turns: 7715, Time: 00:46:09

Health: -21/76     AC:  8    Str: 17    XL:     10   Next: 11%
Magic:  9/9        EV:  2    Int: 13    God:
Gold:   348        SH:  0    Dex: 21    Spells: 9/9 levels left

rFire    . . .     SeeInvis .   a - +3 dagger
rCold    . . .     Gourm    .   (no shield)
rNeg     . . .     Faith    .   b - +0 robe
rPois    .         Spirit   .   (helmet restricted)
rElec    .         Reflect  .   c - +2 cloak
rCorr    .         Harm     +   (no gloves)
MR       .....                  u - +2 pair of boots
Stlth    ++++......             x - amulet of harm
HPRegen  0.22/turn              o - ring of flight
MPRegen  0.11/turn              (no ring)

@: paralysed, mighty, very slightly contaminated, invisible
A: fangs 1, horns 2, agile 2, foul stench 1, low mp 1, spiny 1, rot immunity
a: Evoke Flight


You were in a bailey.
You were not hungry.

You visited 1 branch of the dungeon, and saw 7 of its levels.
You also visited: Bailey.

You collected 348 gold pieces.

Inventory:

Hand Weapons
 a - a +3 dagger (weapon)
 z - a +0 demon blade of pain
Missiles
 d - 36 poisoned darts (quivered)
Armour
 b - a +0 robe (worn)
 c - a +2 cloak (worn)
 u - a +2 pair of boots (worn)
Jewellery
 o - a ring of flight (left hand)
 v - a cursed -2 ring of intelligence {unknown}
 x - an amulet of harm (around neck)
Wands
 e - a wand of disintegration (12)
 j - a wand of digging (2)
 w - a wand of paralysis (15)
 y - a wand of iceblast (10)
Scrolls
 k - a scroll of magic mapping {unknown}
 l - 4 scrolls of identify
 n - 2 scrolls of fog
 C - a scroll of remove curse
Potions
 g - a potion of might
 h - 2 potions of curing
 p - 2 potions of flight
 r - a potion of invisibility
 B - a potion of agility
Comestibles
 f - 18 rations
 i - 3 chunks of flesh


   Skills:
 - Level 6.1 Fighting
 + Level 7.1 Short Blades
 - Level 6.0 Throwing
 - Level 3.0 Dodging
 + Level 8.7 Stealth
 - Level 3.1 Unarmed Combat


You had 9 spell levels left.
You didn't know any spells.
Your spell library was empty.

Dungeon Overview and Level Annotations

Branches:
Dungeon (7/15)             Bailey (1/1)
 Temple: D:4-7

Altars:
Ashenzari
Hepliaklqana
Qazlal
Sif Muna
Vehumet
Yredelemnul
Zin


Innate Abilities, Weirdness & Mutations

You have a pair of horns on your head.
You may emit foul miasma when damaged in melee.
You are partially covered in sharp spines.
You are immune to rotting.
You have very sharp teeth.
You are very agile. (Dex +4)
Your magical capacity is low. (-10% MP)


Message History

The orc sorcerer is lightly wounded.
You feel very mighty all of a sudden. The orc sorcerer barely misses you.
The orc misses you.
You puncture the orc sorcerer!
The orc sorcerer is heavily wounded.
The gnoll hits you with a +0 hand axe.
You emit a cloud of foul miasma!
You puncture the orc sorcerer!
The orc sorcerer is almost dead.
The orc sorcerer casts a spell at you.
You suddenly lose the ability to move!
The orc is struck by your spines.
You kill the orc!
A gnoll comes into view.
It is wielding a +0 hand axe and wearing a +1 scale mail of poison resistance.
The gnoll is engulfed in dark miasma.
The gnoll is poisoned.
The gnoll is struck by your spines. The gnoll hits you with a +0 hand axe.
The orc sorcerer casts a spell at you. The bolt of fire hits you!!
* * * LOW HITPOINT WARNING * * *
The orc warrior is struck by your spines.
The orc warrior hits you with a +0 war axe!!
You die...

#....)..# #...∩)..#
#.......# #.......#
#######.......########
≈≈≈≈≈≈.........≈≈≈≈≈≈≈
≈≈≈≈≈≈≈≈≈...≈≈≈≈≈≈≈≈≈≈
≈≈;≈≈≈≈≈≈...≈≈≈≈≈≈≈≈≈≈
≈≈≈≈≈≈≈≈≈.o@§§≈≈≈≈≈≈≈≈
≈≈≈≈≈≈≈≈.go≈≈≈≈≈≈≈≈≈≈
###≈≈≈≈...≈≈≈≈######
#.....g.....#
#####'''#####
#(['[o...'..#
#.)g)))).'..#
####.)#[)⌠))#..#
#.....#..)).#...o.


You could see an orc sorcerer, 2 orc warriors, 2 gnolls and a goblin
(wandering).

Vanquished Creatures
  Pikel (D:6)
  The ghost of astraldaughter the Chiller, a novice NaIE of Sif Muna (D:6)
  A kobold demonologist (Bailey)
  Duvessa (D:4)
  4 orc warriors
  2 black bears
  4 phantoms
  4 centaurs
  2 ogres
  Blork the orc (D:5)
  2 bullfrogs
  4 scorpions
  Dowan (D:4)
  5 killer bees (D:7)
  2 crimson imps
  A centaur zombie (D:7)
  An orc priest (D:4)
  4 hounds
  2 centaur skeletons
  7 orc wizards
  2 bullfrog skeletons
  An iguana (D:7)
  6 worker ants
  2 worker ant zombies
  A howler monkey zombie (D:7)
  Robin (D:3)
  4 gnolls (Bailey)
  2 howler monkey skeletons (D:6)
  8 adders
  2 shadow imps
  An ooze (D:2)
  An adder skeleton (D:5)
  3 worms
  4 dart slugs
  5 leopard geckos
  37 orcs
  2 ball pythons
  5 bats
  6 giant cockroaches
  22 goblins
  13 hobgoblins
  3 jackals (D:2)
  3 quokkas
  5 frilled lizards
  A jackal skeleton (D:4)
  5 kobolds
  A leopard gecko skeleton (D:4)
  3 rats
199 creatures vanquished.

Vanquished Creatures (others)
  A jackal zombie (D:7)
1 creature vanquished.

Grand Total: 200 creatures vanquished

Notes
Turn   | Place    | Note
-------+----------+-------------------------------------------
     0 | D:1      | Jindul the Demonspawn Assassin began the quest for the Orb.
     0 | D:1      | Reached XP level 1. HP: 16/16 MP: 1/1
   280 | D:1      | Reached skill level 1 in Dodging
   280 | D:1      | Reached skill level 4 in Stealth
   280 | D:1      | Gained mutation: You have a pair of small horns on your
                  | head. [demonic ancestry]
   280 | D:1      | Reached XP level 2. HP: 22/22 MP: 2/2
  1028 | D:2      | Reached XP level 3. HP: 12/27 MP: 3/3
  1393 | D:2      | Found a radiant altar of Vehumet.
  1487 | D:2      | Gained mutation: You are partially covered in sharp spines.
                  | [demonic ancestry]
  1487 | D:2      | Reached XP level 4. HP: 25/33 MP: 4/4
  1984 | D:3      | Found a glowing silver altar of Zin.
  2073 | D:3      | Found a basalt altar of Yredelemnul.
  2126 | D:3      | Found a shattered altar of Ashenzari.
  2191 | D:3      | Noticed Robin
  2395 | D:3      | Killed Robin
  2645 | D:3      | Reached XP level 5. HP: 39/39 MP: 5/5
  3106 | D:4      | Noticed a phantom
  3203 | D:4      | Noticed Duvessa
  3226 | D:4      | Noticed Dowan
  3368 | D:3      | Reached skill level 5 in Stealth
  3377 | D:3      | Gained mutation: You have a pair of horns on your head.
                  | [demonic ancestry]
  3377 | D:3      | Reached XP level 6. HP: 21/47 MP: 6/6
  4022 | D:4      | Reached skill level 1 in Unarmed Combat
  4027 | D:4      | Gained mutation: You are immune to rotting. [demonic
                  | ancestry]
  4027 | D:4      | Reached XP level 7. HP: 50/52 MP: 7/7
  4333 | D:4      | Killed Dowan
  4357 | D:4      | Killed Duvessa
  4617 | D:5      | Entered Level 5 of the Dungeon
  4636 | D:5      | Found a shimmering blue altar of Sif Muna.
  4637 | D:5      | Found a hazy altar of Hepliaklqana.
  4723 | D:5      | Reached XP level 8. HP: 59/60 MP: 8/8
  4791 | D:5      | Noticed Blork the orc
  4808 | D:5      | Killed Blork the orc
  4808 | D:5      | Reached skill level 6 in Stealth
  5028 | D:5      | Gained mutation: Your magical capacity is low. (-10% MP)
                  | [potion of mutation]
  5028 | D:5      | Gained mutation: You are agile. (Dex +2) [potion of
                  | mutation]
  5028 | D:5      | Gained mutation: You are very agile. (Dex +4) [potion of
                  | mutation]
  5028 | D:5      | Gained mutation: You have very sharp teeth. [potion of
                  | mutation]
  5344 | D:5      | Found a stormy altar of Qazlal.
  5970 | D:6      | Reached skill level 5 in Fighting
  6167 | D:6      | Reached skill level 5 in Short Blades
  6187 | D:6      | Noticed Pikel
  6293 | D:6      | Killed Pikel
  6293 | D:6      | Reached skill level 7 in Stealth
  6293 | D:6      | Reached XP level 9. HP: 27/68 MP: 8/8
  6347 | D:6      | Reached skill level 5 in Throwing
  6561 | D:6      | Got a pair of slimy boots
  6562 | D:6      | Identified the -5 pair of boots of Indecent Exposure {MR++
                  | Dex+7 Slay+3} (You found it on level 6 of the Dungeon)
  6680 | D:6      | Found a runed translucent gate.
  6680 | D:6      | Found a runed translucent gate.
  6680 | D:6      | Found a runed translucent gate.
  6682 | D:6      | Noticed astraldaughter's ghost (novice NaIE)
  6691 | D:6      | Killed astraldaughter's ghost
  6744 | D:7      | Found a flagged portal.
  6965 | D:7      | Reached skill level 8 in Stealth
  7157 | Bailey   | Entered a bailey
  7333 | Bailey   | Found an iron altar of Okawaru.
  7333 | Bailey   | Noticed a kobold demonologist
  7333 | Bailey   | Noticed an orc sorcerer
  7431 | Bailey   | Killed a kobold demonologist
  7431 | Bailey   | Gained mutation: You may emit foul miasma when damaged in
                  | melee. [demonic ancestry]
  7431 | Bailey   | Reached XP level 10. HP: 76/76 MP: 9/9
  7714 | Bailey   | Paralysed by an orc sorcerer for 4 turns
  7715 | Bailey   | Demolished by an orc warrior

Levels and vault maps discovered:
D:1:      giann_bridges, layout_basic, dk_noncrumbling_2
D:2:      layout_basic, vehumet_crystals, first_ration, minmay_lizard_pond
D:3:      layout_loops_cross, yredelemnul_altar_generic, lemuel_round_altar,
          ashenzari_altar_1, uniq_robin
D:4:      layout_basic, grunt_ministairs_2, uniq_duvessa
D:5:      layout_basic, gammafunk_temple_overflow_statue, marbit_many_paths,
          uniq_blork_the_orc
D:6:      layout_basic, ebering_ghost_rock_garden, uniq_pikel
D:7:      minmay_s_stair_smasher, layout_rooms, minmay_temple_entry_arrows,
          enter_bailey_2, grunt_ogre_cave, kennysheep_diamond, uniq_harold
Bailey:   bailey_axe_of_yendor_kennysheep, bailey

Skill      XL: |  1  2  3  4  5  6  7  8  9 10 |
---------------+-------------------------------+-----
Dodging        | 1 2 3 |  3.0
Stealth        | 4 5 7 8 |  8.7
Short Blades   | 2 3 4 5 6 7 |  7.1
Throwing       | 2 3 4 6 |  6.0
Fighting       | 3 4 5 6 |  6.1
Unarmed Combat | 1 2 3 |  3.1

Action                   |  1- 3 |  4- 6 |  7- 9 | 10-12 || total
-------------------------+-------+-------+-------+-------++-------
Melee: Dagger            |   105 |   193 |   242 |    56 ||   596
       Headbutt          |     8 |    32 |    55 |    10 ||   105
       Punch             |       |       |     4 |     1 ||     5
       Bite              |       |       |    12 |     7 ||    19
Throw: Dart              |     1 |    12 |     6 |     1 ||    20
  Use: Scroll            |       |     6 |     9 |     2 ||    17
       Potion            |       |     2 |     5 |     5 ||    12
 Stab: Sleeping          |     5 |     8 |    21 |       ||    34
  Eat: Chunk             |     2 |     7 |    12 |     1 ||    22
Armor: Robe              |    29 |    20 |    51 |     3 ||   103
       Skin              |       |    18 |       |       ||    18
Dodge: Dodged            |    72 |    93 |   104 |    25 ||   294

Table legend:
 A = Non-vault XP
 B = Vault XP
 C = Vault XP percentage of total XP
 D = Non-vault monster count
 E = Vault monster count
 F = Vault count percentage of total count
                 A         B        C        D         E       F
            +---------+---------+-------+---------+---------+-------
      Total |    2942 |    3233 |  52.4 |     144 |      55 |  27.6
            +---------+---------+-------+---------+---------+-------
        D:1 |      31 |       0 |   0.0 |      15 |       0 |   0.0
        D:2 |      88 |       4 |   4.3 |      20 |       4 |  16.7
        D:3 |     155 |      34 |  18.0 |      30 |      11 |  26.8
        D:4 |     704 |     254 |  26.5 |      25 |       4 |  13.8
        D:5 |     612 |     100 |  14.0 |      27 |       1 |   3.6
        D:6 |     698 |    1215 |  63.5 |      18 |       2 |  10.0
        D:7 |     654 |     828 |  55.9 |       9 |      13 |  59.1
     Bailey |       0 |     798 | 100.0 |       0 |      20 | 100.0
            +---------+---------+-------+---------+---------+-------
